 Dungeon Crawl Stone Soup version 0.18-a0-1060-g4fac74f (webtiles) character file.

562 M4edhros the Sneak (level 7, -9/43 HPs)
             Began as an Octopode Artificer on Jan 12, 2016.
             Killed from afar by a deep elf knight (16 damage)
             ... with a shard of ice
             ... on level 5 of the Dungeon.
             The game lasted 00:06:18 (3275 turns).

M4edhros the Sneak (Octopode Artificer)             Turns: 3275, Time: 00:06:20

Health: -9/43      AC:  1    Str: 10      XL:     7   Next: 31%
Magic:  10/10      EV: 13    Int: 16      God:
Gold:   140        SH:  0    Dex:  9 (13) Spells: 0 memorised, 6 levels left

rFire  . . .     SeeInvis .     l - +1 short sword (drain)
rCold  . . .     Gourm    .     (no shield)
rNeg   . . .     Faith    .     (helmet restricted)
rPois  .         Spirit   .     (no amulet)
rElec  .         Dismiss  .     (no ring)
rCorr  .         Reflect  .     (no ring)
SustAt .         Harm     .     (no ring)
MR     .....                    (no ring)
Stlth  ++++......               (no ring)
                                (no ring)
                                (no ring)
                                (no ring)

@: not resistant to hostile enchantments, stealthy
A: almost no armour, amphibious, 8 rings, constrict 8, camouflage 1, gelatinous
body 1
a: no special abilities


You were on level 5 of the Dungeon.
You were not hungry.

You visited 1 branch of the dungeon, and saw 5 of its levels.

You collected 140 gold pieces.

Inventory:

Hand Weapons
 a - a +0 short sword
 l - a +1 short sword of draining (weapon)
Missiles
 k - 26 stones (quivered)
Armour
 x - a +0 shield
Magical Staves
 r - an uncursed staff of summoning
Wands
 b - a wand of flame (10/48)
 c - a wand of enslavement (0/24)
 d - a wand of random effects (12/48)
Scrolls
 g - a scroll of blinking {unknown}
 h - a scroll of recharging {unknown}
 i - 2 scrolls of enchant weapon {unknown}
 m - 2 scrolls of remove curse {unknown}
 q - a scroll of enchant armour {unknown}
 s - a scroll of fear {unknown}
 t - a scroll of random uselessness {unknown}
Potions
 e - a potion of magic
 u - a potion of might {unknown}
 w - 2 potions of haste {unknown}
Books
 n - a book of Fire

   Spells                             Type                      Level
   a - Ignite Poison                  Fire/Transmutation/Poison    3
   b - Fireball                       Conjuration/Fire             5
   c - Bolt of Fire                   Conjuration/Fire             6
   d - Delayed Fireball               Conjuration/Fire             7
   e - Ring of Flames                 Charms/Fire                  7
 v - a book of Spatial Translocations

   Spells                             Type                      Level
   a - Apportation                    Translocation                1
   b - Blink                          Translocation                2
   c - Shroud of Golubria             Charms/Translocation         2
   d - Portal Projectile              Translocation                3
   e - Teleport Other                 Translocation                3
   f - Passage of Golubria            Translocation                4
Comestibles
 f - 7 bread rations
 j - 4 meat rations
 o - a beef jerky


   Skills:
 - Level 1.0 Fighting
 - Level 1.0 Short Blades
 * Level 5.3 Dodging
 * Level 6.7 Stealth
 + Level 4.8 Evocations


You had 6 spell levels left.
You didn't know any spells.

Dungeon Overview and Level Annotations

Branches:
Dungeon (5/15)
 Temple: D:4-7

Altars:
Pakellas
Sif Muna
Yredelemnul

Annotations:
D:5 Eustachio


Innate Abilities, Weirdness & Mutations

You cannot wear most types of armour.
You are amphibious.
You can wear up to eight rings at the same time.
You can use your tentacles to constrict eight enemies at once.
Your skin changes colour to match your surroundings (Stealth).
Your rubbery body absorbs attacks (AC +1).


Message History

The shard of ice misses you.
Drink which item? (? for menu, Esc to quit)
It was a potion of magic.
Magic courses through your body. Something blocks your bat's attack.
You hear some strange, mumbled words.
A shard of ice appears from out of thin air!
The shard of ice misses you. The puff of flame hits your ufetubus.
Your ufetubus is burned terribly!
Your ufetubus dies!
The deep elf knight mumbles some strange words.
The deep elf knight flickers and vanishes!
Drink which item? (? for menu, Esc to quit)
It was a potion of degeneration.
There was something very wrong with that liquid.
You feel clumsy.
Your bat hits something. Something blocks your bat's attack.
You hear some strange, mumbled words.
A shard of ice appears from out of thin air!
The shard of ice hits you!
You die...

..............#....##
#.....#.#.#>.........
#...{5#.#.###.#.##.#
#....r#.#.###.#.#
#.@@).#.#.#.....#
#..o?.#.#.#.....#
####b##.#.#.....#
#.##.#.#.....#
#####@##.#.......#
#.....##.#.......#
#.....##.#......## #
#.....##.#......# #
#.....##.#.#.#.## #
######.....##.#.#.#.# #
#...............#.#.......#
#.######....#.###.#########
#.# #..................#


You could see the friendly Eustachio, a friendly orc warrior, a friendly river
rat, a friendly ufetubus and a friendly bat.

Vanquished Creatures
  The ghost of M4edhros the Sneak, an amateur OpAr (D:4)
  A sky beast (D:5)
  A hound (D:5)
  2 centaur skeletons
  A worker ant (D:4)
  A worker ant zombie (D:5)
  5 adders
  A worm (D:2)
  3 giant geckos
  2 orcs
  7 bats
  5 giant cockroaches
  9 hobgoblins
  9 jackals
  2 ball pythons (D:1)
  3 giant newts
  3 goblins
  5 kobolds (D:1)
  3 rats (D:1)
64 creatures vanquished.

Vanquished Creatures (collateral kills)
  A gnoll sergeant (D:5)
  A phantom (D:5)
  A wight (D:5)
  3 orcs (D:5)
6 creatures vanquished.

Vanquished Creatures (others)
  An orc warrior (D:5)
  A wight (D:5)
  An iguana (D:4)
  A worker ant (D:5)
4 creatures vanquished.

Grand Total: 74 creatures vanquished

Notes
Turn   | Place    | Note
--------------------------------------------------------------
     0 | D:1      | M4edhros the Octopode Artificer began the quest for the Orb.
     0 | D:1      | Reached XP level 1. HP: 13/13 MP: 3/3
   112 | D:1      | Reached XP level 2. HP: 15/18 MP: 4/4
   589 | D:1      | Reached XP level 3. HP: 23/23 MP: 5/5
   887 | D:2      | Found a basalt altar of Yredelemnul.
   934 | D:2      | HP: 1/34 [poisoned by an adder]
  1429 | D:4      | Noticed M4edhros's ghost (amateur OpAr)
  1440 | D:4      | Reached XP level 4. HP: 28/28 MP: 6/6
  1470 | D:4      | Reached skill level 4 in Stealth
  1495 | D:4      | Killed M4edhros's ghost
  1495 | D:4      | Reached skill level 5 in Stealth
  1495 | D:4      | Reached XP level 5. HP: 27/33 MP: 6/8
  1655 | D:5      | Entered Level 5 of the Dungeon
  1701 | D:5      | Reached XP level 6. HP: 33/38 MP: 9/9
  1958 | D:5      | Noticed a sky beast
  1980 | D:5      | Killed a sky beast
  2433 | D:5      | Reached skill level 6 in Stealth
  2436 | D:5      | Noticed a deep elf knight
  2437 | D:5      | Noticed an orc warrior
  2536 | D:5      | Noticed an orc warrior
  2537 | D:5      | Noticed Eustachio
  2543 | D:5      | Noticed a deep elf knight
  2543 | D:5      | Noticed a phantom
  2546 | D:5      | Killed a phantom
  2546 | D:5      | Reached skill level 5 in Dodging
  2546 | D:5      | Reached XP level 7. HP: 43/43 MP: 10/10
  2680 | D:4      | Found an oddly glowing altar of Pakellas.
  2680 | D:4      | Found a deep blue altar of Sif Muna.
  3252 | D:5      | Noticed a gnoll sergeant
  3268 | D:5      | Killed a gnoll sergeant
  3275 | D:5      | Killed from afar by a deep elf knight

Vault maps used:
D:1:      eino_arrival_cavern_b, kennysheep_another_room, st_stairs_9
D:2:      grunt_temple_overflow_open, first_bread, hangedman_decor_push
D:3:      minmay_cupped
D:4:      gammafunk_temple_overflow_wave
D:5:      sword_in_stone

Action                   |  1- 3 |  4- 6 |  7- 9 || total
-------------------------+-------+-------+-------++-------
Melee: Short sword       |    71 |    59 |     6 ||   136
Evoke: Wand              |       |    17 |     6 ||    23
  Use: Potion            |     2 |       |     2 ||     4
 Stab: Sleeping          |    10 |     7 |     1 ||    18
       Distracted        |     1 |       |       ||     1
  Eat: Chunk             |     1 |     4 |       ||     5
       Meat ration       |       |       |     1 ||     1
